 Dungeon Crawl Stone Soup version 0.21.1-1-g345015fe64 (webtiles) character file.

14921 Ivernyr the Destroyer (level 12, 0/130 HPs)
             Began as an Ogre Wizard on May 1, 2018.
             Was an Elder of Sif Muna.
             Killed from afar by a frost giant (40 damage)
             ... with a bolt of cold
             ... in an ice cave.
             The game lasted 01:28:56 (20309 turns).

Ivernyr the Destroyer (Ogre Wizard)                Turns: 20309, Time: 01:28:58

Health: 0/130      AC:  6    Str: 14    XL:     12   Next: 21%
Magic:  1/26       EV: 10    Int: 25    God:    Sif Muna [****..]
Gold:   319        SH:  0    Dex:  7    Spells: 19/32 levels left

rFire    . . .     SeeInvis .   C - +4 rapier "Nideum" {pierce, Int+2}
rCold    . . .     Gourm    .   (no shield)
rNeg     + . .     Faith    .   a - +0 robe (curse)
rPois    .         Spirit   .   (helmet restricted)
rElec    .         Reflect  .   c - +2 cloak
rCorr    +         Harm     .   (gloves unavailable)
MR       +....                  (boots unavailable)
Stlth    +.........             (no amulet)
HPRegen  0.31/turn              h - ring of positive energy
MPRegen  0.20/turn              x - ring of resist corrosion

@: very slightly contaminated, divine energy
A: large, unfitting armour, tough skin 1
a: Stop Divine Energy, Channel Magic, Forget Spell, Renounce Religion


You were in an ice cave.
You worshipped Sif Muna.
Sif Muna was greatly pleased with you.
You were hungry.

You visited 3 branches of the dungeon, and saw 12 of its levels.
You also visited: Ossuary and Ice Cave.

You collected 679 gold pieces.
You spent 360 gold pieces at shops.

Inventory:

Hand Weapons
 C - the +4 rapier "Nideum" (weapon) {pierce, Int+2}
   (You found it on level 6 of the Dungeon)

   It inflicts extra damage upon your enemies.
   It affects your intelligence (+2).
Armour
 a - a cursed +0 robe (worn)
 c - a +2 cloak (worn)
 I - a +0 shield
Jewellery
 h - a ring of positive energy (left hand)
 x - a ring of resist corrosion (right hand)
 G - an uncursed amulet of rage {unknown}
Wands
 m - a wand of random effects (23)
 o - a wand of paralysis (18)
 r - a wand of acid (16)
 B - a wand of polymorph (23)
 L - a wand of disintegration (17)
Scrolls
 b - 4 scrolls of teleportation
 e - 4 scrolls of enchant weapon
 g - 3 scrolls of blinking
 k - 2 scrolls of enchant armour
 l - 2 scrolls of immolation
 p - 3 scrolls of remove curse
 q - 2 scrolls of brand weapon
 s - a scroll of amnesia {unknown}
 w - 2 scrolls of torment
 y - 2 scrolls of fog {unknown}
 D - a scroll of magic mapping {unknown}
 H - 2 scrolls of noise {unknown}
 J - 4 scrolls of identify
 K - a scroll of fear {unknown}
Potions
 f - a potion of degeneration {unknown}
 i - 2 potions of brilliance
 j - 4 potions of curing
 n - 4 potions of heal wounds
 t - 2 potions of haste {unknown}
 u - a potion of flight {unknown}
 v - a potion of cancellation {unknown}
 z - 3 potions of lignification {unknown}
 A - a potion of berserk rage {unknown}
 E - a potion of magic {unknown}
 F - 2 potions of mutation {unknown}
 M - a potion of invisibility {unknown}
 N - a potion of ambrosia {unknown}
Comestibles
 d - 20 rations


   Skills:
 + Level 11.5 Fighting
 - Level 2.0 Dodging
 - Level 1.4 Stealth
 + Level 10.6 Spellcasting
 * Level 11.7 Conjurations
   Level 0.8 Summonings
 - Level 0.8 Translocations
 + Level 7.7 Invocations


You had 19 spell levels left.
You knew the following spells:

 Your Spells              Type           Power        Failure   Level  Hunger
a - Magic Dart            Conj           ####         1%          1    None
b - Blink                 Tloc           N/A          4%          2    None
c - Conjure Flame         Conj/Fire      #####...     1%          3    None
d - Mephitic Cloud        Conj/Pois/Air  ####....     2%          3    None
e - Force Lance           Conj/Tloc      #####...     3%          4    None


Dungeon Overview and Level Annotations

Branches:
Dungeon (10/15)            Temple (1/1) D:6            Lair (1/6) D:9
    Orc (0/2) D:9

Altars:
Ashenzari
Cheibriados
Dithmenos
Elyvilon
Fedhas
Gozag
Hepliaklqana
Kikubaaqudgha
Makhleb
Nemelex Xobeh
Okawaru
Qazlal
Ru
Sif Muna
Uskayaw
Vehumet
Wu Jian
Xom
Yredelemnul
Zin
The Shining One

Shops:
D:4 :   D:7 !


Innate Abilities, Weirdness & Mutations

You are too large for most types of armour.
You have tough skin. (AC +1)


Message History

Press: ? - help, Shift-Dir - straight line, f/p - frost giant
Aim: a frost giant, wielding a battleaxe of freezing (flame, moderately wounded)
The lance of force hits the frost giant.
The frost giant is moderately wounded.
The frost giant is knocked back by the lance of force.
The frost giant slams into the ice covered rock wall!
You hear a bellow!
You hear an angry growl. x2; You hear a bellow!
Casting: Force Lance
Confirm with . or Enter, or press ? or * to list all spells.
Aiming: Force Lance
Press: ? - help, Shift-Dir - straight line, f/p - frost giant
Aim: a frost giant, wielding a battleaxe of freezing (flame, moderately wounded)
The lance of force hits the frost giant.
The frost giant is heavily wounded.
The frost giant is knocked back by the lance of force.
The frost giant slams into the ice covered rock wall!
The frost giant is engulfed in blazing flames.
The frost giant gestures at you while chanting.
The bolt of cold hits you!
You die...

#..# ##.....#.## .###
##.....## ## ##...####
####...##
#######....###
###....#...###
..÷##....### ###
.######### ######C##
...### ##...#@#.###
#....## #.⌠...###C§#
##....#####.#.###hh###
###.....#####..##..h#
##.....####..###...#
###....#...##


YChY# ####...### h.Y## ##### .### .$ You could see a frost giant.

Vanquished Creatures
  Erica (D:8)
  Nergalle (D:10)
  Pikel (D:8)
  Maurice (D:8)
  An ice statue (IceCv)
  A centaur skeleton (D:10)
  2 ice devils (Lair:1)
  10 polar bears (IceCv)
  2 hippogriffs (D:8)
  Eustachio (D:4)
  The ghost of tensugalgo the Slasher, an amateur DrMo (D:3)
  17 yaks
  A wyvern (D:8)
  A hungry ghost (D:9)
  Edmund (D:4)
  A water moccasin (D:8)
  2 soldier ants (D:10)
  Duvessa (D:4)
  6 porcupines
  A slave (D:8)
  3 black bears
  2 orc warriors (D:10)
  An ice beast (D:6)
  A sky beast (D:6)
  4 phantoms
  6 ogres
  18 wolves (IceCv)
  2 centaurs
  2 necrophages
  2 elf zombies (Ossuary)
  Blork the orc (D:5)
  6 bullfrogs
  Dowan (D:4)
  A scorpion (D:7)
  4 wights (D:7)
  2 howler monkeys
  2 crimson imps
  A quasit (D:8)
  2 bullfrog zombies
  3 hounds
  4 orc priests
  Ijyb (D:3)
  3 iguanas
  6 orc wizards
  A bullfrog skeleton (D:6)
  Terence (D:2)
  10 worker ants
  A killer bee zombie (D:8)
  A big kobold zombie (Ossuary)
  5 mummies
  6 gnolls
  A river rat (D:6)
  6 adders
  A shadow imp (D:8)
  2 adder zombies
  An adder skeleton (D:3)
  5 worms
  4 dart slugs
  6 leopard geckos
  14 orcs
  6 giant cockroaches
  10 goblins
  7 hobgoblins
  5 jackals
  6 kobolds
  3 quokkas
  3 ball pythons
  10 bats
  7 frilled lizards
  2 jackal zombies (Ossuary)
  A kobold zombie (Ossuary)
  A leopard gecko skeleton (D:6)
  5 orc zombies
  7 rats
  2 rat zombies (Ossuary)
271 creatures vanquished.

Vanquished Creatures (others)
  3 slaves (D:8)
  11 fungi (D:9)
  A plant (D:9)
15 creatures vanquished.

Grand Total: 286 creatures vanquished

Notes
Turn   | Place    | Note
-------+----------+-------------------------------------------
     0 | D:1      | Ivernyr the Ogre Wizard began the quest for the Orb.
     0 | D:1      | Reached XP level 1. HP: 16/16 MP: 5/5
    31 | D:1      | Reached skill level 1 in Conjurations
   274 | D:1      | Reached XP level 2. HP: 20/24 MP: 1/6
   321 | D:1      | Learned a level 2 spell: Blink
   696 | D:1      | Reached skill level 1 in Fighting
   696 | D:1      | Reached XP level 3. HP: 24/33 MP: 0/8
   976 | D:1      | Learned a level 3 spell: Conjure Flame
   980 | D:1      | Learned a level 3 spell: Mephitic Cloud
  1904 | D:2      | Reached XP level 4. HP: 41/41 MP: 6/10
  2737 | D:3      | Noticed tensugalgo's ghost (amateur DrMo)
  2819 | D:3      | Noticed Terence
  2959 | D:2      | Killed Terence
  3517 | D:3      | Reached XP level 5. HP: 50/50 MP: 5/11
  3822 | D:3      | Killed tensugalgo's ghost
  3822 | D:3      | Reached XP level 6. HP: 53/61 MP: 7/13
  4029 | D:4      | Reached skill level 5 in Spellcasting
  4113 | D:4      | Found a sand-covered staircase.
  4183 | Ossuary  | Entered an ossuary
  4343 | Ossuary  | Reached XP level 7. HP: 31/70 MP: 1/15
  4891 | D:4      | Noticed Duvessa
  4963 | D:4      | Killed Duvessa
  4963 | D:4      | Reached skill level 5 in Conjurations
  4983 | D:4      | Noticed Dowan
  5008 | D:4      | Killed Dowan
  5131 | D:4      | Noticed Ijyb
  5580 | D:3      | Killed Ijyb
  5762 | D:4      | Reached skill level 5 in Fighting
  5973 | D:4      | Reached XP level 8. HP: 78/80 MP: 6/17
  6203 | D:4      | Noticed Edmund
  6204 | D:4      | Noticed Eustachio
  6224 | D:4      | Killed Edmund
  6436 | D:4      | Killed Eustachio
  6817 | D:4      | Found Jeofac's Book Shoppe.
  6946 | D:5      | Entered Level 5 of the Dungeon
  7314 | D:5      | Found a blossoming altar of Fedhas.
  7324 | D:5      | Found an opulent altar of Gozag.
  7488 | D:5      | Noticed Blork the orc
  7500 | D:5      | Killed Blork the orc
  7602 | D:5      | Found an ancient bone altar of Kikubaaqudgha.
  7671 | D:5      | Found a sparkling altar of Nemelex Xobeh.
  8055 | D:4      | Bought a book of Conjurations for 360 gold pieces
  8060 | D:4      | Learned a level 4 spell: Force Lance
  8132 | D:6      | Got a brightly glowing rapier
  8133 | D:6      | Identified the +4 rapier "Nideum" {pierce, Int+2} (You found it on level 6 of the Dungeon)
  8207 | D:6      | Found a blossoming altar of Fedhas.
  8319 | D:6      | Reached XP level 9. HP: 44/93 MP: 1/19
  8390 | D:6      | Found a basalt altar of Yredelemnul.
  8537 | D:6      | Found a staircase to the Ecumenical Temple.
  8542 | Temple   | Entered the Ecumenical Temple
  8562 | Temple   | Became a worshipper of Sif Muna the Loreminder
  9042 | D:6      | Reached skill level 1 in Invocations
  9752 | D:7      | Reached * piety under Sif Muna
  9969 | D:7      | Found Lifoed's Distillery.
  9979 | D:7      | You fall through a shaft!
 10202 | D:8      | HP: 4/96 [poisoned by a worker ant]
 10209 | D:8      | HP: 2/96 [poisoned by a worker ant]
 10217 | D:8      | HP: 2/96 [poisoned by a worker ant]
 10400 | D:8      | HP: 4/96 [wyvern (14)]
 10771 | D:8      | Noticed Pikel
 10809 | D:8      | Killed Pikel
 10809 | D:8      | Reached XP level 10. HP: 106/106 MP: 0/22
 11260 | D:8      | Noticed Maurice
 11272 | D:8      | Killed Maurice
 11423 | D:8      | Noticed Erica
 11438 | D:8      | Killed Erica
 11438 | D:8      | Reached ** piety under Sif Muna
 12537 | D:8      | Found a shimmering altar of Xom.
 13281 | D:9      | Reached skill level 5 in Invocations
 13343 | D:9      | Found an iron altar of Okawaru.
 13788 | D:9      | Reached skill level 10 in Conjurations
 14037 | D:9      | Found a staircase to the Lair.
 14046 | D:9      | Reached XP level 11. HP: 117/117 MP: 2/24
 14278 | D:9      | Reached skill level 10 in Fighting
 14601 | D:9      | Found a staircase to the Orcish Mines.
 14714 | D:10     | Entered Level 10 of the Dungeon
 14865 | D:10     | Found a sparkling altar of Nemelex Xobeh.
 14871 | D:10     | Got a polished battleaxe
 14872 | D:10     | Identified the +6 battleaxe of Dissent {holy, +Inv Str-5 Dex+6 Stlth+} (You found it on level 10 of the Dungeon)
 14992 | D:10     | Noticed Nergalle
 15040 | D:10     | Killed Nergalle
 16030 | Lair:1   | Entered Level 1 of the Lair of Beasts
 16112 | Lair:1   | Found a frozen archway.
 16419 | IceCv    | Entered an ice cave
 16558 | IceCv    | Reached *** piety under Sif Muna
 17058 | IceCv    | Reached skill level 10 in Spellcasting
 18334 | IceCv    | Reached XP level 12. HP: 38/130 MP: 17/26
 19519 | IceCv    | Reached **** piety under Sif Muna
 19519 | IceCv    | HP: 6/130 [something (16)]
 20275 | IceCv    | Noticed a frost giant
 20309 | IceCv    | Killed from afar by a frost giant

Skill      XL: |  1  2  3  4  5  6  7  8  9 10 11 |
---------------+----------------------------------+-----
Conjurations   | 1 2 3 4 5 7 8 10 11 | 11.7
Dodging        | 2 |  2.0
Fighting       | 1 2 3 4 5 7 8 9 11 | 11.5
Spellcasting   | 4 5 6 7 8 9 10 | 10.6
Invocations    | 3 5 7 |  7.7
Stealth        | |  1.4
Summonings     | |  0.8
Translocations | |  0.8

Action                   |  1- 3 |  4- 6 |  7- 9 | 10-12 || total
-------------------------+-------+-------+-------+-------++-------
Melee: Unarmed           |    30 |    12 |       |       ||    42
       Spear             |       |   116 |   238 |       ||   354
       Rapier            |       |       |    56 |   175 ||   231
 Cast: Magic Dart        |   101 |   129 |   336 |   218 ||   784
       Conjure Flame     |       |    10 |    38 |    39 ||    87
       Blink             |       |     1 |     4 |    21 ||    26
       Mephitic Cloud    |       |       |     1 |     5 ||     6
       Force Lance       |       |       |    11 |   133 ||   144
Invok: Divine Energy     |       |       |     1 |       ||     1
  Use: Scroll            |       |       |    10 |     2 ||    12
       Potion            |       |       |     1 |       ||     1
 Stab: Confused          |       |       |       |     3 ||     3
  Eat: Chunk             |     3 |     3 |    17 |    20 ||    43
       Ration            |       |     1 |     2 |     3 ||     6
Armor: Robe              |     6 |    43 |   138 |    72 ||   259
Dodge: Dodged            |    20 |    61 |   175 |   131 ||   387
